 Dungeon Crawl Stone Soup version 0.28-a0-1504-g839a4452db (console) character file.

Game seed: 10606969513599264996

4647 Banquo the Thaumaturge (level 10, -1/72 HPs)
             Began as a Djinni Cinder Acolyte on Jan 13, 2022.
             Was a High Priest of Ignis.
             Slain by a vampire mosquito (8 damage)
             ... on level 8 of the Dungeon.
             The game lasted 00:43:43 (11583 turns).

Banquo the Thaumaturge (Djinni Cinder Acolyte)     Turns: 11583, Time: 00:43:44

Health: -1/72      AC:  3    Str: 13    XL:     10   Next: 70%
Gold:   351        EV: 13    Int: 20    God:    Ignis [*****.] SH:  5 Dex:  9

rFire   + + +      SeeInvis .   a - +0 hand axe (flame)
rCold   . . .      Faith    .   i - +1 buckler
rNeg    . . .      Spirit   .   d - +0 robe
rPois   ∞          Reflect  .   h - +0 helmet
rElec   .          Harm     .   (no cloak)
rCorr   .          Rampage  .   (no gloves)
Will    +....                   (boots unavailable)
Stlth   +.........              t - amulet of regeneration
HPRegen 1.02/turn               H - ring of protection from cold
MPRegen 0.00/turn               (no ring)

@: flying, studying Axes
A: sickness immunity, fire resistance 2, cold vulnerability 1, float, innate
caster, hp casting, extra vitality 1
a: Renounce Religion, Fiery Armour, Foxfire Swarm, Rising Flame


You were on level 8 of the Dungeon.
You worshipped Ignis.
Ignis was extremely pleased with you.
You visited 2 branches of the dungeon, and saw 9 of its levels.
You also visited: Sewer.

You collected 456 gold pieces.
You spent 105 gold pieces at shops.

Inventory:

Hand Weapons
 a - a +0 hand axe of flaming (weapon)
 j - a +0 trident
 l - a +0 dagger
 y - a +0 falchion
 E - a +2 dagger of venom
 G - a +0 hand axe
 I - a +2 dagger of venom
 K - a +3 falchion
Missiles
 f - 358 stones
 g - 4 boomerangs
 p - 19 poisoned darts (quivered)
 F - 3 curare-tipped darts
Armour
 d - a +0 robe (worn)
 h - a +0 helmet (worn)
 i - a +1 buckler (worn)
 q - a +1 ring mail of fire resistance
 w - the -3 cloak of the Journeyman {rN+ Will+ rCorr Int+4}
   (You found it in a sewer)

   Int:       It affects your intelligence (+4).
   rN:        It protects you from negative energy.
   rCorr:     It protects you from acid and corrosion.
   Will:      It increases your willpower.
 B - a +0 plate armour
 D - a +0 helmet
Jewellery
 n - an amulet of reflection
 t - an amulet of regeneration (around neck)
 H - a ring of protection from cold (left hand)
 J - the amulet of Talia {Faith +Inv rPois rN+}
   (You found it on level 7 of the Dungeon)

   [amulet of faith]

   It allows you to gain divine favour quickly.
   rPois:     It protects you from poison.
   rN:        It protects you from negative energy.
   +Inv:      It lets you turn invisible.
Wands
 r - a wand of flame (17)
 A - a wand of paralysis (7)
Scrolls
 k - 6 scrolls of teleportation
 m - 2 scrolls of magic mapping
 L - a scroll of enchant weapon
Potions
 b - 3 potions of brilliance {unknown}
 c - 5 potions of mutation
 e - 2 potions of heal wounds
 o - 2 potions of might
 s - a potion of cancellation
 u - 2 potions of lignification
 v - a potion of berserk rage
 x - a potion of flight {unknown}
 z - 2 potions of degeneration {unknown}
 C - 2 potions of resistance {unknown}


   Skills:
 * Level 6.1 Fighting
 * Level 6.1 Axes
 * Level 0.7 Armour
 * Level 6.1 Dodging
 * Level 4.1 Shields
 + Level 8.4 Spellcasting


You had 15 spell levels left.
You knew the following spells:

 Your Spells              Type           Power      Damage    Failure   Level
a - Passwall              Tmut/Erth      35%        N/A       1%          2
b - Apportation           Tloc           84%        N/A       1%          1
c - Wereblood             Tmut           42%        N/A       1%          2
o - Ozocubu's Armour      Ice            42%        N/A       1%          3
z - Scorch                Fire           84%        2d9       1%          2
Your spell library was empty.

Dungeon Overview and Level Annotations

Branches:
Dungeon (8/15)             Temple (1/1) D:7           Sewer (visited)
   Lair: D:8-11

Altars:
Cheibriados
Elyvilon
Fedhas
Gozag
Hepliaklqana
Kikubaaqudgha
Makhleb
Nemelex Xobeh
Sif Muna
Trog
Uskayaw
Vehumet
Xom
Zin

Shops:
D:1 [[   D:4 *   D:5 *   D:7 !

Annotations:
D:5 3 runed translucent doors, whodunnit's ghost, novice MiMo


Innate Abilities, Weirdness & Mutations

You are immune to sickness and miasma.
You are immune to poison.
Your flesh is very heat resistant. (rF++)
You are vulnerable to cold. (rC-)
You float through the air rather than walking.
You learn spells naturally, not from books.
Your magical power is your life essence.
You have superior vitality. (+4 MHP)


Message History

Unknown command.
The vampire mosquito bites you but does no damage.
The vampire mosquito bites you.
The vampire mosquito is no longer more vulnerable to fire.
The vampire mosquito closely misses you.
The vampire mosquito barely misses you.
The yak is no longer more vulnerable to fire.
The vampire mosquito bites you! The vampire mosquito misses you.
The vampire mosquito misses you.
The vampire mosquito closely misses you.
The vampire mosquito bites you. The vampire mosquito bites you!
The vampire mosquito bites you.
* * * LOW HITPOINT WARNING * * *
Casting: Scorch (safe; 1% risk of failure)
Confirm with . or Enter, or press ? or * to list all spells.
Flames lash the yak.
The yak is burned terribly!
You kill the yak!
* * * LOW HITPOINT WARNING * * *
The vampire mosquito bites you!
* * * LOW HITPOINT WARNING * * *
The vampire mosquito bites you.
* * * LOW HITPOINT WARNING * * *
Casting: Scorch (safe; 1% risk of failure)
Confirm with . or Enter, or press ? or * to list all spells.
Flames lash the vampire mosquito.
The vampire mosquito is heavily damaged.
The vampire mosquito's fire resistance burns away.
* * * LOW HITPOINT WARNING * * *
The vampire mosquito bites you but does no damage.
You block the vampire mosquito's attack.
Casting: Scorch (safe; 1% risk of failure)
Confirm with . or Enter, or press ? or * to list all spells.
Flames lash the vampire mosquito.
The vampire mosquito is burned terribly!
The vampire mosquito is almost destroyed.
* * * LOW HITPOINT WARNING * * *
The vampire mosquito bites you!
You die...

##### ... #####.## #...# #####
.. #......# #.8.# #...#
#..#.#....# ##...###.<.#
##..#.#Y##.##. ...........#
..#.#.#Y# .... ⌠(.......###
#.#.....#.....# .....[...#
#......##.....#
##.......#######.###Y........#
#............#.@yY....#.....#
##........⌠..................
........................#####
.>.###...#####..........# ...#
#.8.#.###........[.####
######...#.............)...#
##.######............###..
###..# #..............# ..
#...#####...##..........# .


You could see 2 yaks and a vampire mosquito (combustible).

Vanquished Creatures
  Sigmund (D:6)
  8 yaks
  A vampire mosquito (D:8)
  A steam dragon (D:5)
  Menkaure (D:6)
  3 water moccasins
  2 necrophages (D:6)
  3 ice beasts (D:6)
  2 sky beasts
  3 ogres (D:4)
  3 phantoms (D:6)
  5 centaurs
  4 kobold brigands
  A bullfrog (D:6)
  A scorpion (D:4)
  A wight (D:6)
  A howler monkey (D:4)
  A bullfrog zombie (D:7)
  A hound (D:6)
  2 jellies
  A centaur skeleton (D:5)
  2 orc priests
  A bullfrog skeleton (D:5)
  2 iguanas
  Natasha (thrice) (D:2)
  Terence (D:2)
  A scorpion zombie (D:5)
  4 orc wizards
  Robin (D:2)
  A howler monkey zombie (D:6)
  4 adders
  A river rat (D:6)
  2 white imps
  2 ufetubi (D:5)
  4 worms
  2 dart slugs
  16 orcs
  5 bats
  6 endoplasms
  4 giant cockroaches
  12 goblins
  6 hobgoblins
  8 jackals
  22 kobolds
  A quokka (D:1)
  10 ball pythons
  6 rats
173 creatures vanquished.

Vanquished Creatures (others)
  A fungus (D:5)
  3 plants
4 creatures vanquished.

Grand Total: 177 creatures vanquished

Notes
Turn   | Place    | Note
-------+----------+-------------------------------------------
     0 | D:1      | Banquo the Djinni Cinder Acolyte began the quest for the
                  | Orb.
     0 | D:1      | Reached XP level 1. HP: 20/20 MP: 0/0
   234 | D:1      | Found a faded altar of an unknown god.
   288 | D:1      | Reached XP level 2. HP: 15/25 MP: 0/0
   776 | D:1      | Found Ziwnileb's Armour Emporium.
  1580 | D:1      | Reached XP level 3. HP: 26/30 MP: 0/0
  1580 | D:1      | Learned a level 1 spell: Apportation
  1683 | D:1      | Found Astuish's Armour Shoppe.
  1851 | D:2      | Noticed Natasha
  2060 | D:2      | Noticed Terence
  2063 | D:2      | Killed Terence
  2070 | D:2      | Reached XP level 4. HP: 25/35 MP: 0/0
  2439 | D:2      | Noticed Robin
  2459 | D:2      | Reached skill level 3 in Spellcasting
  2462 | D:2      | Killed Robin
  2621 | D:2      | You are sucked into a shaft and drop 1 floor!
  3070 | D:2      | Killed Natasha
  3071 | D:2      | Reached XP level 5. HP: 36/40 MP: 0/0
  3071 | D:2      | Learned a level 2 spell: Wereblood
  3206 | D:2      | Noticed Natasha
  3223 | D:2      | Killed Natasha
  4152 | D:2      | Noticed Natasha
  4167 | D:2      | Killed Natasha
  5494 | D:3      | Reached skill level 4 in Spellcasting
  5494 | D:3      | Reached XP level 6. HP: 40/46 MP: 0/0
  6179 | D:4      | Noticed an ogre
  6227 | D:4      | Noticed an ogre
  6240 | D:4      | Killed an ogre
  6241 | D:4      | Reached XP level 7. HP: 46/50 MP: 0/0
  6241 | D:4      | Learned a level 2 spell: Passwall
  6312 | D:4      | Reached skill level 5 in Spellcasting
  6362 | D:4      | Found Muidiriohi's Assorted Antiques.
  6377 | D:4      | Bought a scroll labelled GOERON CIC GAWN for 24 gold pieces
  6377 | D:4      | Bought a coppery potion for 21 gold pieces
  6774 | D:5      | Entered Level 5 of the Dungeon
  6774 | D:5      | Noticed a steam dragon
  6774 | D:5      | Found Hatuheuf's General Store.
  6778 | D:4      | Reached XP level 8. HP: 55/56 MP: 0/0
  6874 | D:5      | Reached skill level 6 in Spellcasting
  6882 | D:5      | Found a shimmering altar of Xom.
  7098 | D:5      | Bought a potion of might for 40 gold pieces
  7098 | D:5      | Bought a scroll of identify for 20 gold pieces
  7241 | D:5      | Found a runed translucent gate.
  7242 | D:5      | Found a runed translucent gate.
  7243 | D:5      | Found a runed translucent gate.
  7245 | D:5      | Noticed whodunnit's ghost (novice MiMo)
  7415 | D:6      | Reached skill level 1 in Dodging
  7446 | D:6      | Found a glowing drain.
  7483 | Sewer    | Entered a sewer
  7564 | Sewer    | Identified the -3 cloak of the Journeyman {rN+ Will+ rCorr
                  | Int+4}
  7698 | D:6      | Noticed Menkaure
  7699 | D:6      | Reached skill level 1 in Shields
  7699 | D:6      | Reached skill level 7 in Spellcasting
  7706 | D:6      | Killed Menkaure
  7707 | D:6      | Reached XP level 9. HP: 60/62 MP: 0/0
  7707 | D:6      | Learned a level 3 spell: Ozocubu's Armour
  8053 | D:6      | Noticed Sigmund
  8274 | D:6      | Killed Sigmund
  8491 | D:6      | Reached skill level 8 in Spellcasting
  9646 | D:7      | Reached skill level 5 in Axes
  9646 | D:7      | Reached XP level 10. HP: 60/69 MP: 0/0
  9813 | D:7      | Found a staircase to the Ecumenical Temple.
  9818 | D:7      | Reached skill level 5 in Fighting
  9826 | Temple   | Entered the Ecumenical Temple
 10171 | D:7      | Found a burning altar of Makhleb.
 10376 | D:7      | Found Fyfoineo's Distillery.
 10509 | D:7      | Identified the amulet of Talia {Faith +Inv rPois rN+}
 10675 | D:7      | Found a burning altar of Makhleb.
 10811 | D:7      | Found Fyfoineo's Distillery.
 10849 | D:7      | Found a staircase to the Ecumenical Temple.
 11311 | D:8      | Found a hide-covered altar of Uskayaw.
 11465 | D:8      | Reached skill level 5 in Dodging
 11583 | D:8      | Slain by a vampire mosquito

Illustrated notes

Levels and vault maps discovered:
D:1:      scummos_arrival_forest, layout_basic,
          shapermc_ecumenical_altar_acropolis, serial_shops, shop, shop,
          minmay_misc_feat_enclosed, minmay_three_crescents
D:2:      layout_basic, uniq_natasha, uniq_robin, uniq_terence
D:3:      layout_basic, kennysheep_doodads
D:4:      cheibrodos_thug_alley, layout_basic, serial_shops,
          nicolae_shop_overgrown_old_shop
D:5:      layout_rooms, amcnicky_altar_gilded,
          mainiacjoe_overflow_cross_hatched, gammafunk_ghost_nasty_kobolds,
          serial_shops, shop_fountains
D:6:      layout_loops_corners, portal_sewer_entry_e, minmay_manual_mullet,
          uniq_menkaure, uniq_sigmund
D:7:      layout_gridville, nicolae_overflow_crystal_walls,
          minmay_temple_entry_junction, serial_shops, kennysheep_mini_moat
D:8:      layout_rooms, mainiacjoe_overflow_concentric_impassable,
          nicolae_elevator_lobby_asterisk
Temple:   jpeg_temple_alley_garden

Skill      XL: |  1  2  3  4  5  6  7  8  9 10 |
---------------+-------------------------------+-----
Axes           | 3 4 5 6 |  6.1
Spellcasting   | 3 4 5 7 8 |  8.4
Dodging        | 1 3 6 |  6.1
Shields        | 1 3 4 |  4.1
Fighting       | 4 6 |  6.1
Armour         | |  0.7

Action                   |  1- 3 |  4- 6 |  7- 9 | 10-12 || total
-------------------------+-------+-------+-------+-------++-------
Melee: Hand axe          |    47 |       |       |       ||    47
Throw: Dart              |       |       |       |     1 ||     1
 Cast: Scorch            |    15 |    74 |   151 |    78 ||   318
       Passwall          |       |       |       |     1 ||     1
  Use: Scroll            |       |     6 |     7 |     2 ||    15
Armor: Robe              |     9 |     8 |     4 |     4 ||    25
Dodge: Dodged            |    32 |    25 |    18 |    27 ||   102
Block: Buckler           |       |       |     6 |     8 ||    14

Table legend: (Time is in decaauts)
 A = Elapsed time spent in this place.
 B = Non-inter-level travel time spent in this place.
 C = Inter-level travel time spent in this place.
 D = Time resting spent in this place.
 E = Time spent auto-exploring this place.
 F = Levels seen in this place.
 G = Mean time per level.
                   A        B        C        D        E       F      G
               +--------+--------+--------+--------+--------+-----+--------+
         Total |  11621 |  10641 |    980 |   1697 |   6514 |  10 | 1162.1 |
       Dungeon |  11263 |  10337 |    926 |   1694 |   6342 |   8 | 1407.9 |
        Temple |    232 |    178 |     54 |      0 |    172 |   1 |  232.0 |
         Sewer |    125 |    125 |      0 |      3 |      0 |   1 |  125.0 |
               +--------+--------+--------+--------+--------+-----+--------+

Top non-repeatable levels by time:
     D:2: 3055 daAuts
     D:6: 2040 daAuts
     D:1: 1940 daAuts
     D:7: 1412 daAuts
     D:4: 1020 daAuts
     D:3: 879 daAuts
     D:5: 600 daAuts
     D:8: 314 daAuts
  Temple: 232 daAuts
   Sewer: 125 daAuts
